 Dungeon Crawl Stone Soup version 0.31.0-12-g77e489cdc1 (webtiles) character file.

Game seed: 8263288456632997978

568 jagang the Slasher (level 7, -17/55 HPs)
             Began as a Human Monk on Feb 21, 2024.
             Demolished by an ogre
             ... wielding a +0 giant spiked club
              (28 damage)
             ... on level 5 of the Dungeon.
             The game lasted 00:06:33 (3071 turns).

jagang the Slasher (Human Monk)                     Turns: 3071, Time: 00:06:34

Health: -17/55     AC: 11    Str: 11    XL:     7   Next: 33%
Magic:  7/7        EV:  7    Int: 10    God:
Gold:   57         SH:  0    Dex: 18    Spells: 6/6 levels left

rFire   . . .        p - +0 long sword
rCold   . . .        d - orb {light}
rNeg    . . .        a - +0 chain mail
rPois   .            j - +0 helmet
rElec   .            s - +0 cloak
rCorr   .            (no gloves)
SInv    .            (no boots)
Will    .....        (no amulet) Stlth
                     (no ring)
HPRegen 0.29/turn    (no ring)
MPRegen 0.10/turn

%: no passive effects
@: glowing
A: explore regen
a: no special abilities


You were on level 5 of the Dungeon.
You visited 1 branch of the dungeon, and saw 6 of its levels.

You collected 117 gold pieces.
You spent 60 gold pieces at shops.

Inventory:

Hand Weapons
 p - a +0 long sword (weapon)
Missiles
 l - 3 boomerangs (quivered)
 q - 4 poisoned darts
Armour
 a - a +0 chain mail (worn)
 d - an orb of light (worn)
 j - a +0 helmet (worn)
 s - a +0 cloak (worn)
Jewellery
 r - a ring of magical power
Talismans
 m - a blade talisman
Scrolls
 e - a scroll of revelation
 f - 4 scrolls of teleportation
 h - 2 scrolls of amnesia
 k - 3 scrolls of identify
 o - 3 scrolls of blinking
Potions
 b - a potion of invisibility
 c - a potion of ambrosia
 g - a potion of attraction {unknown}
 i - 2 potions of curing {unknown}
 n - 2 potions of heal wounds


   Skills:
 + Level 4.6 Fighting
 * Level 5.9 Long Blades
 + Level 2.2 Throwing
 + Level 3.2 Armour
 - Level 3.0 Dodging


You had 6 spell levels left.
You didn't know any spells.
Your spell library contained the following spells:

 Spells                   Type           Power      Damage    Failure   Level
 Inner Flame              Hex/Fire       0%         N/A       100%        3
 Irradiate                Conj/Alch      0%         3d11      100%        5
 Ignition                 Fire           0%         3d3       100%        8


Dungeon Overview and Level Annotations

Branches:
Dungeon (6/15)
 Temple: D:4-7

Altars:

Shops:
D:1 ?


Innate Abilities, Weirdness & Mutations

You regain HP and MP as you explore.


Message History

You shake off some of the fire as you move.
The liquid fire burns you!
You shake off some of the fire as you move.
The liquid fire burns you!
You shake off some of the fire as you move.
The liquid fire burns you! The bombardier beetle bites you.
You slash the bombardier beetle!
You kill the bombardier beetle!
The liquid fire burns you!
You shake off the liquid fire.
You see here a +0 leather armour.
You start resting.
An ufetubus comes into view.
An ogre comes into view. It is wielding a +0 giant spiked club.
The ufetubus shouts!
The ogre shouts!
You hear a shout!
You hit the ufetubus.
The ufetubus is moderately wounded.
The ufetubus hits you but does no damage.
The ufetubus hits you.
You hit the ufetubus.
The ufetubus is heavily wounded.
The ufetubus hits you but does no damage. x2
An ufetubus comes into view.
The ufetubus hits you but does no damage.
The ufetubus hits you.
The ufetubus moves out of view.
You slash the ufetubus!
You kill the ufetubus!
The ogre hits you with a +0 giant spiked club!!
Ouch! That really hurt!
* * * LOW HITPOINT WARNING * * *
You are too injured to fight recklessly!
You are too injured to fight recklessly!
You slash the ogre!
The ogre is moderately wounded.
You hit the ogre.
The ogre is heavily wounded.
The ogre hits you with a +0 giant spiked club!!
Ouch! That really hurt!
You die...

## ... #.. #... ..
..# #..#######.#
...
##..#.....#.#...
#...........#.#...
..........5.#...
#.............
#..[..@.......
##.....O......
###............
#..............
##.....>#......
#.....##......
####.## ....#. ###
...## ##


You could see an ogre and an ufetubus.

Vanquished Creatures
  Grinder (D:3)
  Sigmund (D:3)
  A bombardier beetle (D:5)
  Jessica (D:3)
  Natasha (thrice) (D:2)
  3 adders (D:2)
  An ufetubus (D:5)
  A dart slug (D:1)
  4 orcs (D:4)
  2 endoplasms
  A giant cockroach (D:3)
  2 goblins
  4 hobgoblins
  7 jackals
  4 kobolds
  A quokka (D:2)
  5 bats
  4 frilled lizards
  4 rats
50 creatures vanquished.

Notes
Turn   | Place    | Note
-------+----------+-------------------------------------------
     0 | D:1      | jagang the Human Monk began the quest for the Orb.
     0 | D:1      | Reached XP level 1. HP: 18/18 MP: 1/1
    97 | D:1      | Found Oxak's Magic Scroll Emporium.
   294 | D:1      | Reached XP level 2. HP: 24/24 MP: 2/2
   470 | D:1      | Bought a scroll of identify for 24 gold pieces
   470 | D:1      | Bought a scroll of teleportation for 36 gold pieces
   638 | D:2      | Reached skill level 1 in Armour
   679 | D:2      | Reached XP level 3. HP: 29/29 MP: 3/3
   934 | D:2      | Noticed Natasha
   940 | D:2      | Killed Natasha
  1192 | D:2      | Noticed Natasha
  1198 | D:2      | Killed Natasha
  1199 | D:2      | Reached skill level 4 in Long Blades
  1199 | D:2      | Reached XP level 4. HP: 35/35 MP: 4/4
  2111 | D:2      | Noticed Natasha
  2119 | D:2      | Killed Natasha
  2120 | D:2      | Reached XP level 5. HP: 42/42 MP: 5/5
  2430 | D:3      | Noticed Sigmund
  2440 | D:3      | Killed Sigmund
  2441 | D:3      | Reached skill level 5 in Long Blades
  2441 | D:3      | Reached skill level 1 in Throwing
  2441 | D:3      | Reached XP level 6. HP: 34/48 MP: 6/6
  2465 | D:3      | Noticed Grinder
  2467 | D:3      | Paralysed by Grinder for 5 turns
  2519 | D:3      | Paralysed by Grinder for 3 turns
  2528 | D:3      | Killed Grinder
  2529 | D:3      | Reached XP level 7. HP: 10/55 MP: 7/7
  2936 | D:3      | Noticed Jessica
  2940 | D:3      | Killed Jessica
  3041 | D:4      | You fall into a shaft and drop 2 floors!
  3048 | D:5      | Entered Level 5 of the Dungeon
  3071 | D:5      | Demolished by an ogre

Illustrated notes

Levels and vault maps discovered:
D:1:      nzn_arrival_crosshair, layout_basic, serial_shops, shop
D:2:      layout_basic, minmay_crystal_water, uniq_natasha
D:3:      layout_basic, uniq_sigmund, uniq_grinder, uniq_jessica
D:4:      layout_basic, uniq_robin
D:5:      layout_cave_pools, minmay_temple_entry_proselytizer,
          chequers_serial_rivers_micro_a
D:6:      layout_rooms, minitemple, uniq_blork_the_orc, uniq_crazy_yiuf_cottage,
          uniq_eustachio

Skill      XL: |  1  2  3  4  5  6 |
---------------+-------------------+-----
Armour         | 1 2 3 |  3.2
Long Blades    | 4 5 |  5.9
Fighting       | 4 |  4.6
Throwing       | 1 2 |  2.2
Dodging        | |  3.0

Action                     |  1- 3 |  4- 6 |  7- 9 || total
---------------------------+-------+-------+-------++-------
  Melee: Falchion          |    43 |    29 |       ||    72
         Long sword        |       |    37 |    24 ||    61
  Throw: Dart              |       |     7 |       ||     7
         Boomerang         |       |       |     6 ||     6
    Use: Scroll            |     1 |     3 |     1 ||     5
 Armour: Scale mail        |    25 |    26 |       ||    51
         Robe              |     1 |       |       ||     1
         Chain mail        |       |    17 |    21 ||    38
  Dodge: Dodged            |    26 |    29 |     2 ||    57
